 Dungeon Crawl Stone Soup version 0.29.1-15-g9cfb28693d (webtiles) character file.

Game seed: 5981284609499851425

163 Hugehornet the Covered (level 5, -4/32 HPs)
             Began as a Gargoyle Fighter on Mar 21, 2023.
             Killed from afar by Natasha (7 damage)
             ... with a puff of flame
             ... on level 3 of the Dungeon on Mar 22, 2023.
             The game lasted 00:04:17 (2846 turns).

Hugehornet the Covered (Gargoyle Fighter)           Turns: 2846, Time: 00:04:18

Health: -4/32      AC: 11    Str: 20    XL:     5   Next: 44%
Magic:  0/5        EV:  9    Int: 10    God:
Gold:   62         SH:  4    Dex:  9    Spells: 4/4 levels left

rFire   . . .      SeeInvis .   a - +0 war axe
rCold   . . .      Faith    .   c - +0 buckler
rNeg    + . .      Spirit   +   b - +0 scale mail
rPois   ∞          Reflect  .   (no helmet)
rElec   +          Harm     .   (no cloak)
rCorr   .          Rampage  .   (no gloves)
Will    .....                   (no boots)
Stlth   ..........              p - amulet of guardian spirit
HPRegen 0.10/turn               (no ring)
MPRegen 0.09/turn               (no ring)

@: slowed, very slow
A: sickness immunity, AC +4, negative energy resistance 1, electricity
resistance, torment resistance 1, petrification resistance
a: no special abilities


You were on level 3 of the Dungeon.
You visited 1 branch of the dungeon, and saw 3 of its levels.

You collected 62 gold pieces.

Inventory:

Hand Weapons
 a - a +0 war axe (weapon)
 x - a +0 flail
Armour
 b - a +0 scale mail (worn)
 c - a +0 buckler (worn)
Jewellery
 p - an amulet of guardian spirit (around neck)
Scrolls
 i - a scroll of enchant armour {unknown}
 j - 2 scrolls of amnesia {unknown}
 k - a scroll of vulnerability {unknown}
 l - 2 scrolls of magic mapping {unknown}
 m - a scroll of poison {unknown}
 n - a scroll of fog {unknown}
 r - a scroll of immolation {unknown}
 t - 2 scrolls of noise {unknown}
Potions
 d - a potion of might
 e - a potion of flight {unknown}
 f - 2 potions of curing
 g - 2 potions of resistance
 h - 2 potions of invisibility
 o - 2 potions of ambrosia {unknown}
 q - a potion of lignification {unknown}
 s - a potion of mutation {unknown}
 u - a potion of haste {unknown}
 v - 2 potions of heal wounds
 w - a potion of degeneration {unknown}
 z - 3 potions of magic {unknown}


   Skills:
 - Level 3.2 Fighting
 + Level 3.7 Axes
 + Level 5.1 Armour
 - Level 3.2 Shields


You had 4 spell levels left.
You didn't know any spells.
Your spell library contained the following spells:

 Spells                   Type           Power      Damage    Failure   Level
 Tukima's Dance           Hex            0%         N/A       99%         3
 Corpse Rot               Necr/Pois/Air  0%         N/A       100%        4
 Passage of Golubria      Tloc           0%         N/A       100%        4
 Manifold Assault         Tloc           0%         N/A       100%        5
 Yara's Violent Unravell  Hex/Tmut       0%         3d3       100%        5
 Infestation              Necr           0%         N/A       100%        8


Dungeon Overview and Level Annotations

Branches:
Dungeon (3/15)

Altars:
Ru

Annotations:
D:3 Natasha


Innate Abilities, Weirdness & Mutations

You are immune to sickness and miasma.
Your stone body is resilient. (AC +4)
You are immune to poison.
You resist negative energy. (rN+)
You are resistant to electric shocks. (rElec)
You are resistant to unholy torment.
You are immune to petrification.


Message History

The iguana is heavily wounded.
The iguana closely misses you.
The iguana bites you but does no damage.
You slash the iguana!
You kill the iguana!
No target in view!
No target in view!
Done exploring.
Done exploring.
Done exploring.
You see here a +0 dagger.
There is a stone staircase leading up here.
There is a sacrificial altar of Ru here.
Things that are here:
a +0 dagger; 8 poisoned darts You see here a +0 robe.
Natasha, Servant of Life and Death comes into view.
She is carrying a wand of flame (16).
Natasha hisses angrily.
Natasha stares at you and mumbles some strange words.
You feel yourself slow down. Natasha claws you.
Natasha claws you but does no damage.
You closely miss Natasha. Natasha claws you. Natasha claws you!
You hit Natasha.
Natasha is lightly wounded.
Natasha growls.
Natasha stares at you and mumbles some strange words.
The magic dart hits you but does no damage.
Natasha mumbles some strange words.
Natasha glows brightly for a moment.
Natasha zaps a wand.
The puff of flame hits you.
You barely miss Natasha. Natasha claws you but does no damage.
Natasha claws you.
You closely miss Natasha. Natasha claws you! Natasha closely misses you.
You barely miss Natasha. Natasha claws you!
* * * LOW HITPOINT WARNING * * *
Natasha claws you but does no damage.
You barely miss Natasha. Natasha claws you.
* * * LOW HITPOINT WARNING * * *
Natasha zaps a wand.
The puff of flame hits you!
You die...

#>..>..........# #......#
#.#............# #......#
#.....#.#.#.##.# #.......
#...).#..<..##.####.#.####
#.......#.####......#.#
#.....#.#.# #†######.#
#.....#.#.####<# #.#
#.#.###.#....#.######.#
#.#.....h@............#
#.#####.#.#..########## #...#
#.#.#...[)......#
#######.###.#.#.####.####.#
#...........#...##.....##.#
#.#####.#######.#.......#.###
#.# #.# #.#.......#...## #.#
#.# #....._......... #.# #.#
#.#.......#.####


You could see Natasha.

Vanquished Creatures
  Jessica (D:3)
  Natasha (D:3)
  An iguana (D:3)
  4 adders
  A dart slug (D:2)
  An orc (D:3)
  7 ball pythons
  4 bats
  4 endoplasms
  5 goblins
  8 hobgoblins
  A quokka (D:1)
  2 frilled lizards (D:3)
  3 kobolds
  6 rats
49 creatures vanquished.

Vanquished Creatures (others)
  2 demonic plants (D:2)
2 creatures vanquished.

Grand Total: 51 creatures vanquished

Notes
Turn   | Place    | Note
-------+----------+-------------------------------------------
     0 | D:1      | Hugehornet the Gargoyle Fighter began the quest for the
                  | Orb.
     0 | D:1      | Reached XP level 1. HP: 14/14 MP: 1/1
   306 | D:1      | Reached XP level 2. HP: 16/19 MP: 2/2
   389 | D:1      | Got the Secrets of the Ageless Portals
   871 | D:2      | Reached XP level 3. HP: 16/23 MP: 3/3
   872 | D:2      | Reached skill level 4 in Armour
  1593 | D:2      | Found a faded altar of an unknown god.
  1593 | D:2      | Noticed a cacodemon
  1638 | D:3      | Reached XP level 4. HP: 28/28 MP: 4/4
  1923 | D:3      | Identified the +4 dagger "Zoimutil" {vamp, *Corrode rPois
                  | Str+2}
  1933 | D:3      | Found a sacrificial altar of Ru.
  2011 | D:3      | Noticed Jessica
  2017 | D:3      | Killed Jessica
  2280 | D:3      | Noticed Natasha
  2285 | D:3      | Killed Natasha
  2286 | D:3      | Reached skill level 5 in Armour
  2286 | D:3      | Reached XP level 5. HP: 9/32 MP: 2/5
  2838 | D:3      | Noticed Natasha
  2846 | D:3      | Killed from afar by Natasha

Illustrated notes

Levels and vault maps discovered:
D:1:      minmay_arrival_jagged, layout_loops_ring, serial_park_tiny_1
D:2:      layout_basic, dreamdust_ecumenical_altar_sealed_demon,
          hangedman_decor_push
D:3:      layout_loops_ring, old_standard_altar, uniq_natasha, uniq_jessica

Skill      XL: |  1  2  3  4 |
---------------+-------------+-----
Axes           | 2 3 |  3.7
Armour         | 4 5 |  5.1
Fighting       | |  3.2
Shields        | |  3.2

Action                   |  1- 3 |  4- 6 || total
-------------------------+-------+-------++-------
Melee: War axe           |    93 |    84 ||   177
  Use: Scroll            |     4 |       ||     4
Armor: Scale mail        |    65 |    58 ||   123
Dodge: Dodged            |    74 |    28 ||   102
Block: Buckler           |    23 |    15 ||    38
